 Dungeon Crawl Stone Soup version 0.26-a0-771-g060e6a62af (webtiles) character file.

Game seed: 16807942422133441750

735 Majang the Skirmisher (level 7, -6/111 HPs)
             Began as an Ogre Hunter on Nov 8, 2020.
             Mangled by Menkaure (11 damage)
             ... on level 6 of the Dungeon.
             The game lasted 00:26:12 (6244 turns).

Majang the Skirmisher (Ogre Hunter)                 Turns: 6244, Time: 00:26:13

Health: -6/111     AC: 23    Str: 25    XL:     7   Next: 74%
Magic:  16/16      EV:  1    Int: 12    God:
Gold:   267        SH:  0    Dex:  9    Spells: 6/6 levels left

rFire    . . .     SeeInvis .   f - +1 whip
rCold    . . .     Faith    .   (no shield)
rNeg     + + +     Spirit   .   (armour currently unavailable)
rPois    +         Reflect  .   (helmet currently unavailable)
rElec    .         Harm     .   (cloak currently unavailable)
rCorr    .         Rampage  .   (gloves unavailable)
MR       .....     NoTele   +   (boots unavailable)
Stlth    +.........             (no amulet)
HPRegen  0.28/turn              l - +6 ring of strength
MPRegen  0.15/turn              p - ring of magical power

@: tree-form
A: large, unfitting armour
a: no special abilities


You were on level 6 of the Dungeon.
You were a tree.
You visited 1 branch of the dungeon, and saw 6 of its levels.

You collected 267 gold pieces.

Inventory:

Hand Weapons
 f - a +1 whip (weapon)
 t - a +0 flail
Missiles
 i - 17 poisoned darts (quivered)
 j - 9 javelins
Armour
 b - a +1 robe (melded)
Jewellery
 l - a +6 ring of strength (left branch)
 p - a ring of magical power (right branch)
 w - an uncursed ring of positive energy {unknown}
Scrolls
 a - 7 scrolls of identify
 d - a scroll of fog
 g - 8 scrolls of remove curse
 h - a scroll of enchant weapon
 m - 2 scrolls of enchant armour
 s - 3 scrolls of blinking
 u - a scroll of teleportation
Potions
 k - a potion of cancellation {unknown}
 n - a potion of haste {unknown}
 o - a potion of degeneration {unknown}
 q - a potion of flight
 r - 2 potions of curing
 v - a potion of heal wounds {unknown}


   Skills:
 + Level 5.7 Fighting
 * Level 4.3 Maces & Flails
 + Level 5.6 Throwing
 + Level 1.6 Armour
 + Level 2.8 Dodging
 - Level 0.6 Stealth


You had 6 spell levels left.
You didn't know any spells.
Your spell library contained the following spells:

 Spells                   Type           Power        Failure   Level
 Animate Skeleton         Necr           #.....       32%         1
 Apportation              Tloc           #.....       32%         1
 Corona                   Hex            #......      32%         1
 Summon Small Mammal      Summ           #...         32%         1
 Call Imp                 Summ           #.......     45%         2
 Call Canine Familiar     Summ           #.......     69%         3
 Summon Guardian Golem    Hex/Summ       #.......     69%         3
 Summon Ice Beast         Ice/Summ       #.......     97%         4
 Summon Lightning Spire   Summ/Air       #.......     97%         4


Dungeon Overview and Level Annotations

Branches:
Dungeon (6/15)
 Temple: D:4-7

Altars:
Ashenzari
Wu Jian

Annotations:
D:6 Menkaure


Innate Abilities, Weirdness & Mutations

You are too large for most types of armour.
((You have tough skin. (AC +1)))


Message History

Pain shoots through your body!
You barely miss Menkaure.
Menkaure is severely damaged.
You barely miss Menkaure.
Menkaure is severely damaged.
Menkaure calls on the powers of darkness!
Your body is wracked with pain!
* * * LOW HITPOINT WARNING * * *
It was a potion of curing.
You feel better. Menkaure hits you!
* * * LOW HITPOINT WARNING * * *
It was a potion of flight.
You feel very buoyant.
You fly up into the air.
Menkaure points at you and mumbles some strange words.
Pain shoots through your body!
* * * LOW HITPOINT WARNING * * *
Really quaff the potion of lignification?
You turn into a tree.
Your +1 robe melds into your body.
Your roots penetrate the ground.
Menkaure hits you!
You die...

......[#.##........#
.......#.##........'
......#.##........#
#.....#.##......... #.
...#.#.........# #(
..#.#.#.......+ . #.
#.#.#.#.......#
...?##M###.#.#.#######.#
.$.....♣.....#.# #.#
....##.###.###.# . #.
#.# #.# .. #.# #.# ...
#.# .... #.# ..... #.#
...... #.# #+#


You could see Menkaure.

Vanquished Creatures
  A phantom (D:5)
  An ogre (D:4)
  A bullfrog zombie (D:5)
  3 hounds
  An orc priest (D:3)
  3 orc wizards
  4 worker ants
  2 worker ant zombies
  5 adders
  A white imp (D:6)
  An ufetubus (D:5)
  2 oozes
  3 worms
  6 dart slugs
  4 leopard geckos
  17 orcs
  3 bats
  6 giant cockroaches
  4 goblins
  11 hobgoblins
  11 jackals
  10 kobolds
  2 quokkas
  A ball python (D:3)
  3 frilled lizards
  2 jackal skeletons (D:4)
  12 rats
120 creatures vanquished.

Notes
Turn   | Place    | Note
-------+----------+-------------------------------------------
     0 | D:1      | Majang the Ogre Hunter began the quest for the Orb.
     0 | D:1      | Reached XP level 1. HP: 22/22 MP: 1/1
    55 | D:1      | Reached XP level 2. HP: 21/31 MP: 2/2
   535 | D:1      | Reached XP level 3. HP: 39/39 MP: 3/3
  1241 | D:1      | Reached skill level 1 in Maces & Flails
  1568 | D:2      | Reached XP level 4. HP: 20/48 MP: 4/4
  2212 | D:2      | Found a broken altar of Ashenzari.
  2737 | D:3      | Reached XP level 5. HP: 33/55 MP: 5/5
  2898 | D:3      | Found an ornate altar of the Wu Jian Council.
  3635 | D:3      | Reached skill level 5 in Throwing
  3936 | D:4      | Reached XP level 6. HP: 65/65 MP: 6/6
  4020 | D:4      | Reached skill level 5 in Fighting
  4468 | D:4      | Reached skill level 1 in Armour
  4468 | D:4      | Reached XP level 7. HP: 72/72 MP: 7/7
  4752 | D:5      | Entered Level 5 of the Dungeon
  6213 | D:6      | Noticed Menkaure
  6243 | D:6      | HP: 3/74 [Menkaure/nerve-wracking pain (13)]
  6244 | D:6      | Mangled by Menkaure

Illustrated notes

Levels and vault maps discovered:
D:1:      minmay_arrival_stone_box, layout_loops_ring
D:2:      layout_basic, ashenzari_altar_1
D:3:      layout_loops_ring, lemuel_round_altar, cheibrodos_sewer_entry_bend
D:4:      layout_cave_pools, serial_column_ruins, column_ruins_open_small_water,
          column_ruins_columns_plus, column_ruins_open_medium,
          column_ruins_corridor_straight, column_ruins_grid_1
D:5:      layout_gridville, eino_small_chamber_without_monster
D:6:      layout_basic, okawaru_altar_gauntlet_db, uniq_menkaure

Skill      XL: |  1  2  3  4  5  6  7 |
---------------+----------------------+-----
Fighting       | 3 4 5 |  5.7
Maces & Flails | 1 2 3 4 |  4.3
Throwing       | 5 |  5.6
Dodging        | 2 |  2.8
Armour         | 1 |  1.6
Stealth        | |  0.6

Action                   |  1- 3 |  4- 6 |  7- 9 || total
-------------------------+-------+-------+-------++-------
Melee: Short sword       |    36 |       |       ||    36
       Whip              |   114 |   197 |   106 ||   417
Throw: Large rock        |    13 |     3 |     9 ||    25
       Dart              |     5 |    54 |    13 ||    72
       Javelin           |     1 |     7 |    11 ||    19
       Throwing net      |       |     2 |       ||     2
  Use: Scroll            |       |     8 |     2 ||    10
       Potion            |       |       |     3 ||     3
 Stab: Sleeping          |     2 |       |       ||     2
       Distracted        |       |     1 |       ||     1
Armor: Robe              |    44 |    44 |    30 ||   118
Dodge: Dodged            |    85 |    82 |    47 ||   214

Table legend: (Time is in decaauts)
 A = Elapsed time spent in this place.
 B = Non-inter-level travel time spent in this place.
 C = Inter-level travel time spent in this place.
 D = Time resting spent in this place.
 E = Time spent auto-exploring this place.
 F = Levels seen in this place.
 G = Mean time per level.
                   A        B        C        D        E       F      G
               +--------+--------+--------+--------+--------+-----+--------+
         Total |   6257 |   6199 |     58 |   1976 |   2554 |   6 | 1042.8 |
       Dungeon |   6257 |   6199 |     58 |   1976 |   2554 |   6 | 1042.8 |
               +--------+--------+--------+--------+--------+-----+--------+

Top non-repeatable levels by time:
     D:1: 1398 daAuts
     D:3: 1361 daAuts
     D:5: 1312 daAuts
     D:2: 1103 daAuts
     D:4: 906 daAuts
     D:6: 175 daAuts
